 Dungeon Crawl Stone Soup version 0.25.0-3-gd7cc5688da (webtiles) character file.

Game seed: 6129269506587676731

282 Esekla the Ducker (level 6, -2/35 HPs)
             Began as a Deep Elf Skald on June 15, 2020.
             Was an Initiate of Gozag.
             Slain by a worker ant (4 damage)
             ... on level 3 of the Dungeon.
             The game lasted 00:29:55 (4269 turns).

Esekla the Ducker (Deep Elf Skald)                  Turns: 4269, Time: 00:29:56

Health: -2/35      AC:  6    Str:  8    XL:     6   Next: 6%
Magic:  8/14       EV: 14    Int: 20    God:    Gozag
Gold:   480        SH:  0    Dex: 14    Spells: 9/13 levels left

rFire    . . .     SeeInvis .   c - +3 short sword
rCold    . . .     Gourm    .   (no shield)
rNeg     . . .     Faith    .   b - +0 leather armour
rPois    .         Spirit   .   (no helmet)
rElec    .         Reflect  .   (no cloak)
rCorr    .         Harm     .   (no gloves)
MR       +....                  h - +2 pair of boots
Stlth    +.........             (no amulet)
HPRegen  0.11/turn              k - ring of protection from magic
MPRegen  0.14/turn              (no ring)

@: lethally poisoned (-2 -> -5), shrouded (expiring), singing, gold aura, very
slightly contaminated
A: no striking features
a: Potion Petition, Call Merchant, Bribe Branch, Renounce Religion


You were on level 3 of the Dungeon.
You worshipped Gozag.
Gozag was aware of your devotion.
You were not hungry.

You visited 1 branch of the dungeon, and saw 4 of its levels.

You collected 517 gold pieces.
You paid 37 gold pieces to Gozag.

Inventory:

Hand Weapons
 c - a +3 short sword (weapon)
 i - a +0 long sword
Missiles
 f - 28 poisoned darts (quivered)
Armour
 a - a +0 pair of gloves
 b - a +0 leather armour (worn)
 h - a +2 pair of boots (worn)
 n - a +1 ring mail of cold resistance
 q - a +0 buckler
Jewellery
 k - a ring of protection from magic (left hand)
 t - an uncursed ring of protection from magic
Wands
 u - a wand of acid (4)
Scrolls
 g - 2 scrolls of remove curse
 j - 3 scrolls of identify
 m - a scroll of enchant armour
Potions
 e - a potion of brilliance
 l - a potion of lignification
 o - a potion of might
 r - a potion of heal wounds {unknown}
Comestibles
 d - 6 rations


   Skills:
 + Level 2.0 Fighting
 + Level 0.5(2.3) Short Blades
 * Level 3.3 Long Blades
 + Level 0.1 Throwing
 + Level 1.3 Armour
 * Level 4.7 Dodging
 + Level 1.1 Stealth
 * Level 4.1 Spellcasting
 - Level 4.4 Charms
 * Level 1.3 Translocations


You had 9 spell levels left.
You knew the following spells:

 Your Spells              Type           Power        Failure   Level  Hunger
b - Shroud of Golubria    Chrm/Tloc      ###...       9%          2    #......
s - Song of Slaying       Chrm           ###.....     4%          2    #......

Your spell library contained the following spells:

 Spells                   Type           Power        Failure   Level  Hunger
 Infusion                 Chrm           ###.         3%          1    None
 Ozocubu's Armour         Chrm/Ice       ##......     22%         3    ###....
 Spectral Weapon          Hex/Chrm       ##......     22%         3    ###....


Dungeon Overview and Level Annotations

Branches:
Dungeon (4/15)
 Temple: D:4-7

Altars:
Cheibriados
Dithmenos
Elyvilon
Gozag
Kikubaaqudgha
Nemelex Xobeh
Ru
Vehumet
The Shining One


Message History

The worker ant barely misses you.
Your shroud bends the centaur skeleton's attack away.
The bullfrog skeleton hits you but does no damage.
The worker ant bites you.
* * * LOW HITPOINT WARNING * * *
You are poisoned.
The worker ant poisons you! The centaur skeleton barely misses you.
There is a stone staircase leading up here.
You feel sick.
Your shroud bends the bullfrog skeleton's attack away.
The orc misses you. The worker ant barely misses you.
The centaur skeleton hits you but does no damage.
The bullfrog skeleton hits you.
* * * LOW HITPOINT WARNING * * *
You climb upwards.
There is a stone staircase leading down here.
* * * LOW HITPOINT WARNING * * *
You feel sick. The orc closely misses you. The worker ant bites you.
You die...
Your body crumbles into a pile of gold.

# #.# #.# #.# #
#.# #.# #.# # #.#
#.# #.# # #.# #.#
#.# #.# #.# #.#
#.# #.# #.# #.#
#.# #.####
#.#####
#.####....#
#.....#
#..@o####.#
#####.# #.##a#
#.# #.# #.##.#
#.# #.# ##.##.#
#.# #.#
##...#.####.#
#.###.###.......#
#.##.## ##.######
#....# #.#
####.## ##.#


You could see a worker ant and an orc.

Vanquished Creatures
  A howler monkey (D:3)
  A hound (D:4)
  An orc priest (D:4)
  A worker ant (D:4)
  A hound skeleton (D:4)
  5 adders
  2 worms
  2 dart slugs
  5 leopard geckos
  7 orcs
  6 giant cockroaches
  8 hobgoblins
  7 jackals (D:2)
  2 quokkas
  9 bats
  2 frilled lizards (D:2)
  5 goblins
  10 kobolds
  A leopard gecko skeleton (D:4)
  7 rats
83 creatures vanquished.

Notes
Turn   | Place    | Note
-------+----------+-------------------------------------------
     0 | D:1      | Esekla the Deep Elf Skald began the quest for the Orb.
     0 | D:1      | Reached XP level 1. HP: 12/12 MP: 6/6
   308 | D:1      | Reached XP level 2. HP: 5/16 MP: 1/8
   689 | D:1      | Learned a level 2 spell: Shroud of Golubria
   692 | D:1      | Learned a level 2 spell: Song of Slaying
  1099 | D:2      | Reached XP level 3. HP: 18/21 MP: 7/9
  1250 | D:2      | Found an opulent altar of Gozag.
  1341 | D:2      | Found a sparkling altar of Nemelex Xobeh.
  2453 | D:1      | Reached XP level 4. HP: 17/26 MP: 4/11
  2764 | D:2      | Became a worshipper of Gozag Ym Sagoz the Greedy
  2985 | D:3      | Reached skill level 1 in Armour
  3023 | D:3      | Found a faded altar of an unknown god.
  3123 | D:3      | Found an ancient bone altar of Kikubaaqudgha.
  3123 | D:3      | Found a glowing golden altar of the Shining One.
  3124 | D:3      | Found a shadowy altar of Dithmenos.
  3124 | D:3      | Found a radiant altar of Vehumet.
  3125 | D:3      | Found a snail-covered altar of Cheibriados.
  3125 | D:3      | Found a white marble altar of Elyvilon.
  3129 | D:3      | Found a sacrificial altar of Ru.
  3888 | D:4      | Reached skill level 1 in Stealth
  3888 | D:4      | Reached skill level 1 in Translocations
  3888 | D:4      | Reached XP level 5. HP: 25/30 MP: 12/12
  4261 | D:3      | Reached XP level 6. HP: 11/35 MP: 7/14
  4269 | D:3      | Slain by a worker ant

Illustrated notes

Levels and vault maps discovered:
D:1:      nagdon_arrival_zigzag_paths, layout_loops_ring, kennysheep_doodads
D:2:      layout_basic, nemelex_xobeh_ov_fountains_minmay,
          nicolae_gozag_seed_capital, kennysheep_generic_room_15
D:3:      layout_loops_ring, grunt_temple_overflow_open,
          chequers_ecumenical_altar_simple, first_ration, st_stairs_1
D:4:      layout_rooms, makhleb_blood_cavern_becter, kennysheep_mini_moat,
          chequers_ossuary_entry_cave, minmay_pentomino_pile

Skill      XL: |  1  2  3  4  5 |
---------------+----------------+-----
Long Blades    | 2 3 |  3.3
Dodging        | 3 4 |  4.7
Armour         | 1 |  1.3
Fighting       | 2 |  2.0
Stealth        | 1 |  1.1
Translocations | 1 |  1.3
Spellcasting   | 4 |  4.1
Short Blades   | |  0.5
Throwing       | |  0.1
Charms         | |  4.4

Action                   |  1- 3 |  4- 6 || total
-------------------------+-------+-------++-------
Melee: Falchion          |    55 |       ||    55
       Long sword        |   102 |    75 ||   177
       Short sword       |       |    72 ||    72
Throw: Dart              |     7 |    19 ||    26
 Cast: Infusion          |     3 |       ||     3
       Shroud of Golubri |    16 |    18 ||    34
       Song of Slaying   |       |     4 ||     4
Evoke: Wand              |       |     1 ||     1
  Use: Scroll            |     3 |     8 ||    11
       Potion            |       |     2 ||     2
 Stab: Sleeping          |     2 |     2 ||     4
  Eat: Chunk             |     3 |       ||     3
       Ration            |     1 |     2 ||     3
Armor: Leather armour    |    63 |    39 ||   102
       Skin              |       |     5 ||     5
Dodge: Dodged            |   133 |   130 ||   263
       Rpst.: Falchion   |    15 |       ||    15
       Long sword        |    20 |    23 ||    43
